 Dungeon Crawl Stone Soup version 0.30-a0-359-gd0147acb1a (console) character file.

Game seed: 798067354127842309

1850 capslocke the Covert (level 9, -1/74 HPs)
             Began as a Gnoll Delver on Nov 12, 2022.
             Was a Priest of Okawaru.
             Slain by a goblin
             ... wielding a +0 spear
              (5 damage)
             ... on level 7 of the Dungeon.
             The game lasted 00:21:09 (5987 turns).

capslocke the Covert (Gnoll Delver)                 Turns: 5987, Time: 00:21:10

Health: -1/74      AC: -2    Str: 18    XL:     9   Next: 12%
Magic:  15/15      EV: 14    Int: 10    God:    Okawaru [***...]
Gold:   379        SH:  0    Dex: 14    Spells: 14/16 levels left

rFire   . . .      SeeInvis +    n - +6 dagger {holy, rCorr Str+7 Dex-4 SInv}
rCold   . . .      Faith    .    (no shield)
rNeg    . . .      Spirit   .    b - +0 leather armour
rPois   .          Reflect  .    f - +0 helmet
rElec   .          Harm     .    y - +0 cloak
rCorr   +          Rampage  .    (no gloves)
Will    .....                    (no boots)
Stlth   ++++......               (no amulet)
HPRegen 0.32/turn                (no ring)
MPRegen 0.14/turn                (no ring)

@: corroded
A: fangs 1, strong nose, distributed training
a: Renounce Religion, Heroism


You were on level 7 of the Dungeon.
You worshipped Okawaru.
Okawaru was most pleased with you.
You visited 2 branches of the dungeon, and saw 8 of its levels.

You collected 379 gold pieces.

Inventory:

Hand Weapons
 a - a +0 falchion
 n - the +6 dagger of Doavaj (weapon) {holy, rCorr Str+7 Dex-4 SInv}
   (You found it on level 3 of the Dungeon)

   It has been blessed by the Shining One to cause great damage to the undead
   and demons.
   Str:       It affects your strength (+7).
   Dex:       It affects your dexterity (-4).
   SInv:      It lets you see invisible.
   rCorr:     It protects you from acid and corrosion.
Missiles
 k - 5 poisoned darts
 o - 8 boomerangs (quivered)
Armour
 b - a +0 leather armour (worn)
 f - a +0 helmet (worn)
 j - the +1 leather armour of the Moon Troll {*Slow +Blink Dex+4 SInv}
   (You found it on level 4 of the Dungeon)

   Dex:       It affects your dexterity (+4).
   SInv:      It lets you see invisible.
   +Blink:    It lets you blink.
   *Slow:     It may slow you when you take damage.
 y - a +0 cloak (worn)
Magical Staves
 l - a staff of cold
Wands
 g - a wand of digging (3)
 m - a wand of mindburst (14)
Scrolls
 c - 2 scrolls of fog
 d - 3 scrolls of magic mapping
 e - a scroll of noise {unknown}
 h - a scroll of summoning {unknown}
 u - 2 scrolls of immolation {unknown}
 w - 2 scrolls of amnesia {unknown}
 x - 2 scrolls of teleportation {unknown}
 z - 2 scrolls of blinking {unknown}
 A - a scroll of enchant armour {unknown}
 B - a scroll of enchant weapon {unknown}
Potions
 i - 2 potions of curing
 p - 2 potions of lignification
 q - 3 potions of mutation
 r - a potion of invisibility
 s - 2 potions of resistance
 t - a potion of magic
 v - a potion of flight {unknown}
 C - 3 potions of brilliance


   Skills:
 + Level 7.8 Fighting
 + Level 4.1 Short Blades
 + Level 6.2 Long Blades
 + Level 4.1 Axes
 + Level 4.1 Maces & Flails
 + Level 4.1 Polearms
 + Level 4.1 Staves
 + Level 4.1 Ranged Weapons
 + Level 4.1 Throwing
 + Level 4.1 Armour
 + Level 6.2 Dodging
 + Level 10.4 Stealth
 + Level 4.1 Shields
 + Level 4.1 Unarmed Combat
 + Level 4.1 Spellcasting
 + Level 3.3 Conjurations
 + Level 3.3 Hexes
 + Level 3.3 Summonings
 + Level 3.3 Necromancy
 + Level 3.3 Translocations
 + Level 3.3 Transmutations
 + Level 3.3 Fire Magic
 + Level 3.3 Ice Magic
 + Level 3.3 Air Magic
 + Level 3.3 Earth Magic
 + Level 3.3 Poison Magic
 + Level 4.5 Invocations
 + Level 4.1 Evocations


You had 14 spell levels left.
You knew the following spells:

 Your Spells              Type           Power      Damage    Failure   Level
a - Blink                 Tloc           16%        N/A       12%         2

Your spell library contained the following spells:

 Spells                   Type           Power      Damage    Failure   Level
 Magic Dart               Conj           32%        1d4       8%          1
 Momentum Strike          Conj/Tloc      16%        3d8       12%         2
 Searing Ray              Conj           16%        2d5       12%         2
 Static Discharge         Conj/Air       16%        2-3/arc   12%         2
 Ignite Poison            Fire/Tmut/Pois 8%         N/A       22%         3
 Kindle Blastsparks       Fire/Tloc/Air  16%        2d11      22%         3
 Lesser Beckoning         Tloc           16%        N/A       22%         3
 Vhi's Electric Charge    Tloc/Air       16%        N/A       22%         3
 Fulminant Prism          Conj/Hex       4%         3d5       58%         4
 Passage of Golubria      Tloc           8%         N/A       58%         4
 Arcjolt                  Conj/Air       4%         1d14      91%         5
 Freezing Cloud           Conj/Ice/Air   4%         6-21      91%         5
 Lightning Bolt           Conj/Air       4%         1d15      91%         5
 Yara's Violent Unravell  Hex/Tmut       4%         3d4       91%         5
 Tukima's Dance           Hex            Unusable   N/A       N/A         3

Dungeon Overview and Level Annotations

Branches:
Dungeon (7/15)             Temple (1/1) D:4

Altars:
Ashenzari
Cheibriados
Dithmenos
Elyvilon
Fedhas
Gozag
Hepliaklqana
Kikubaaqudgha
Makhleb
Nemelex Xobeh
Okawaru
Qazlal
Ru
Sif Muna
Trog
Vehumet
Wu Jian
Xom
Yredelemnul
Zin
The Shining One

Portals:
Bailey: D:7

Annotations:
D:3 Natasha
D:5 exclusions: Sigmund and 1 more exclusion


Innate Abilities, Weirdness & Mutations

You have very sharp teeth.
Your uncanny sense of smell can sniff out nearby items.
Your experience applies equally to all skills.


Message History

The jelly hits you. The acid corrodes you!
You are splashed with acid.
You resist.
The goblin hits you from afar with a +0 spear.
The goblin hits you with a +0 spear. x2
You hit the jelly.
Your hands burn!
The jelly is almost dead.
The jelly hits you.
You are splashed with acid.
You resist. The goblin barely misses you. The goblin completely misses you.
Your unstable footing causes you to fumble your attack.
The goblin hits you with a +0 spear. The jelly completely misses you.
The goblin misses you. The goblin barely misses you.
You barely miss the jelly.
The jelly is almost dead.
The goblin hits you with a +0 spear. The jelly hits you.
You are splashed with acid.
You resist. The goblin completely misses you.
The goblin hits you with a +0 spear.
You hit the jelly but do no damage.
Your hands burn!
The jelly is almost dead.
The goblin hits you with a +0 spear.
Your unstable footing causes you to fumble your attack.
The jelly misses you.
The goblin hits you from afar with a +0 spear.
* * * LOW HITPOINT WARNING * * *
The goblin hits you with a +0 spear.
* * * LOW HITPOINT WARNING * * *
The goblin closely misses you.
You hit the jelly.
Your hands burn!
* * * LOW HITPOINT WARNING * * *
You punch the jelly, but do no damage.
The jelly is almost dead.
The jelly hits you.
* * * LOW HITPOINT WARNING * * *
You are splashed with acid.
You resist.
* * * LOW HITPOINT WARNING * * *
The goblin barely misses you. The goblin closely misses you.
The goblin attacks as you move away! The goblin hits you with a +0 spear.
* * * LOW HITPOINT WARNING * * *
The goblin misses you.
The goblin hits you from afar with a +0 spear.
You die...

#.......##'#........#
...................#
...................#
...................
.................
...........######
...........##
.......##...#
.......@....#
.(...≈≈J≈≈..#
.....≈.gg≈..#
.....~>g.~..#
.....≈...≈$##
.....≈≈~≈≈.#
..##.......# ..
#########


You could see a jelly and 3 goblins.

Vanquished Creatures
  Sigmund (D:5)
  Eustachio (D:4)
  2 steam dragons
  A black bear (D:5)
  2 ice beasts (D:6)
  A centaur (D:6)
  2 ogres (D:5)
  A phantom (D:6)
  2 necrophages
  A scorpion (D:5)
  A howler monkey (D:6)
  5 hounds
  Crazy Yiuf (D:2)
  Natasha (twice) (D:3)
  2 orc wizards
  9 adders
  A white imp (D:7)
  5 worms
  A dart slug (D:3)
  5 orcs
  10 ball pythons
  4 endoplasms
  4 giant cockroaches
  6 hobgoblins
  5 jackals
  5 quokkas
  7 bats
  4 frilled lizards
  8 goblins
  3 kobolds
  7 rats
109 creatures vanquished.

Vanquished Creatures (others)
  An ufetubus (D:5)
1 creature vanquished.

Grand Total: 110 creatures vanquished

Notes
Turn   | Place    | Note
-------+----------+-------------------------------------------
     0 | D:5      | Reached skill level 9 in Stealth
     0 | D:5      | capslocke the Gnoll Delver began the quest for the Orb.
     0 | D:5      | Reached XP level 1. HP: 23/23 MP: 1/1
    80 | D:4      | Identified the +1 leather armour of the Moon Troll {*Slow
                  | +Blink Dex+4 SInv}
   110 | D:4      | Found a staircase to the Ecumenical Temple.
   119 | Temple   | Entered the Ecumenical Temple
   387 | Temple   | Became a worshipper of Warmaster Okawaru
   474 | D:4      | Noticed Eustachio
   501 | D:4      | Reached XP level 2. HP: 29/29 MP: 2/2
   637 | D:3      | Identified the +6 dagger of Doavaj {holy, rCorr Str+7 Dex-4
                  | SInv}
   670 | D:3      | Reached XP level 3. HP: 35/35 MP: 3/3
   737 | D:3      | Found a faded altar of an unknown god.
   745 | D:3      | Reached skill level 1 in Invocations
   763 | D:3      | Noticed a necrophage
   771 | D:3      | Killed a necrophage
   772 | D:3      | Reached skill level 1 in Short Blades
   772 | D:3      | Reached skill level 1 in Axes
   772 | D:3      | Reached skill level 1 in Maces & Flails
   772 | D:3      | Reached skill level 1 in Polearms
   772 | D:3      | Reached skill level 1 in Staves
   772 | D:3      | Reached skill level 1 in Ranged Weapons
   772 | D:3      | Reached skill level 1 in Throwing
   772 | D:3      | Reached skill level 1 in Armour
   772 | D:3      | Reached skill level 1 in Shields
   772 | D:3      | Reached skill level 1 in Unarmed Combat
   772 | D:3      | Reached skill level 1 in Spellcasting
   772 | D:3      | Reached skill level 1 in Conjurations
   772 | D:3      | Reached skill level 1 in Hexes
   772 | D:3      | Reached skill level 1 in Summonings
   772 | D:3      | Reached skill level 1 in Necromancy
   772 | D:3      | Reached skill level 1 in Translocations
   772 | D:3      | Reached skill level 1 in Transmutations
   772 | D:3      | Reached skill level 1 in Fire Magic
   772 | D:3      | Reached skill level 1 in Ice Magic
   772 | D:3      | Reached skill level 1 in Air Magic
   772 | D:3      | Reached skill level 1 in Earth Magic
   772 | D:3      | Reached skill level 1 in Poison Magic
   772 | D:3      | Reached skill level 1 in Evocations
   772 | D:3      | Reached XP level 4. HP: 18/41 MP: 5/5
   912 | D:3      | Noticed Natasha
   919 | D:3      | Killed Natasha
   919 | D:3      | Reached * piety under Okawaru
   920 | D:3      | Reached XP level 5. HP: 47/47 MP: 5/7
  1196 | D:3      | Noticed Natasha
  1208 | D:3      | Killed Natasha
  1342 | D:3      | Noticed Natasha
  2087 | D:2      | Found a runed translucent door.
  2088 | D:2      | Noticed Crazy Yiuf
  2095 | D:2      | Killed Crazy Yiuf
  2096 | D:2      | Reached XP level 6. HP: 53/53 MP: 8/8
  2271 | D:1      | Reached skill level 5 in Long Blades
  2271 | D:1      | Reached skill level 5 in Dodging
  3331 | D:4      | Killed Eustachio
  3373 | D:4      | Reached XP level 7. HP: 22/55 MP: 10/10
  3877 | D:5      | Noticed a steam dragon
  3910 | D:5      | Reached ** piety under Okawaru
  3923 | D:5      | HP: 1/59 [steam dragon] (4)]
  3939 | D:6      | Noticed a steam dragon
  4241 | D:5      | Reached skill level 10 in Stealth
  4369 | D:5      | Reached XP level 8. HP: 35/67 MP: 12/12
  4490 | D:5      | Noticed Sigmund
  4574 | D:5      | Killed Sigmund
  4574 | D:5      | Reached *** piety under Okawaru
  5297 | D:6      | Learned a level 2 spell: Blink
  5607 | D:6      | Reached XP level 9. HP: 73/73 MP: 13/15
  5760 | D:6      | Found an ancient bone altar of Kikubaaqudgha.
  5762 | D:6      | Found a sacrificial altar of Ru.
  5765 | D:6      | Found a shimmering altar of Xom.
  5971 | D:7      | Found a flagged portal.
  5987 | D:7      | HP: 3/74 [goblin/+0 spear (2)]
  5987 | D:7      | Slain by a goblin

Illustrated notes

Levels and vault maps discovered:
D:1:      dpeg_arrival_renting, layout_basic
D:2:      layout_basic, minmay_diced_spiral, uniq_crazy_yiuf_cottage
D:3:      layout_rooms, serial_rivers, chequers_serial_rivers_marsh,
          chequers_serial_rivers_small_b, chequers_serial_rivers_room_b,
          chequers_serial_rivers_micro_d, shapermc_ecumenical_altar_notcrosses,
          minmay_misc_feat_roman, st_stairs_4, uniq_natasha
D:4:      layout_layer_cave, minmay_temple_entry_statues_pillars,
          corexii_checkpoint_b, uniq_eustachio
D:5:      layout_basic, uniq_sigmund
D:6:      layout_basic, grunt_temple_overflow_diamond
D:7:      layout_gridville, enter_bailey_5, kennysheep_potato
Temple:   dpeg_five_rooms_temple

Skill      XL: |  1  2  3  4  5  6  7  8 |
---------------+-------------------------+-----
Stealth        | 10 | 10.4
Invocations    | 1 2 3 4 |  4.5
Short Blades   | 1 2 3 4 |  4.1
Axes           | 1 2 3 4 |  4.1
Maces & Flails | 1 2 3 4 |  4.1
Polearms       | 1 2 3 4 |  4.1
Staves         | 1 2 3 4 |  4.1
Ranged Weapons | 1 2 3 4 |  4.1
Throwing       | 1 2 3 4 |  4.1
Armour         | 1 2 3 4 |  4.1
Shields        | 1 2 3 4 |  4.1
Unarmed Combat | 1 2 3 4 |  4.1
Spellcasting   | 1 2 3 4 |  4.1
Conjurations   | 1 2 3 |  3.3
Hexes          | 1 2 3 |  3.3
Summonings     | 1 2 3 |  3.3
Necromancy     | 1 2 3 |  3.3
Translocations | 1 2 3 |  3.3
Transmutations | 1 2 3 |  3.3
Fire Magic     | 1 2 3 |  3.3
Ice Magic      | 1 2 3 |  3.3
Air Magic      | 1 2 3 |  3.3
Earth Magic    | 1 2 3 |  3.3
Poison Magic   | 1 2 3 |  3.3
Evocations     | 1 2 3 4 |  4.1
Long Blades    | 5 6 |  6.2
Dodging        | 5 6 |  6.2
Fighting       | 7 |  7.8

Action                   |  1- 3 |  4- 6 |  7- 9 || total
-------------------------+-------+-------+-------++-------
Melee: Falchion          |    19 |       |       ||    19
       Dagger            |    19 |   135 |   140 ||   294
       Bite              |     4 |    10 |    16 ||    30
       Punch             |       |     2 |     3 ||     5
Throw: Dart              |     2 |     2 |     2 ||     6
       Boomerang         |       |     6 |     1 ||     7
  Use: Potion            |       |     4 |     2 ||     6
       Scroll            |       |     1 |     7 ||     8
 Stab: Sleeping          |    11 |    20 |    12 ||    43
Armor: Leather armour    |     2 |    28 |    38 ||    68
Dodge: Dodged            |    12 |    78 |    90 ||   180

Table legend: (Time is in decaauts)
 A = Elapsed time spent in this place.
 B = Non-inter-level travel time spent in this place.
 C = Inter-level travel time spent in this place.
 D = Time resting spent in this place.
 E = Time spent auto-exploring this place.
 F = Levels seen in this place.
 G = Mean time per level.
                   A        B        C        D        E       F      G
               +--------+--------+--------+--------+--------+-----+--------+
         Total |   5938 |   5592 |    346 |    751 |   3669 |   8 |  742.2 |
       Dungeon |   5634 |   5379 |    255 |    751 |   3469 |   7 |  804.9 |
        Temple |    303 |    212 |     91 |      0 |    200 |   1 |  303.0 |
               +--------+--------+--------+--------+--------+-----+--------+

Top non-repeatable levels by time:
     D:4: 1117 daAuts
     D:5: 999 daAuts
     D:6: 986 daAuts
     D:3: 911 daAuts
     D:2: 740 daAuts
     D:1: 691 daAuts
  Temple: 303 daAuts
     D:7: 189 daAuts
